BlackHawks vs Predators

Created - January-29-13 at 17:12

Goals
1 2 3 T
BlackHawks 0 0 1 1
Predators 3 1 0 4
Shots
1 2 3 T
BlackHawks 5 5 6 16
Predators 7 14 12 33

1st period

1. Predators , Marian Gaborik 20 (Steven Stamkos) at 11:27 (PP)
2. Predators , Max Pacioretty 19 (Shea Weber) at 15:37 (PP)
3. Predators , Jeff Petry 4 (Shea Weber, Nicklas Backstrom) at 16:19 (PP)

Penalties :
Jamie McGinn (CHI) for Hooking (Minor) at 3:57, Mathieu Darche (CHI) for Holding (Minor) at 10:09, Mathieu Darche (CHI) for Unsportsmanlike conduct (Major / Game Misconduct) at 13:45

2nd period

4. Predators , Wayne Simmonds 10 (Roman Polak, Zbynek Michalek) at 15:14

Penalties :
Jamie McGinn (CHI) for Tripping (Minor) at 3:48, Patric Hornqvist (NSH) for Tripping (Minor) at 7:37, Robyn Regehr (CHI) for High sticking (Minor) at 9:08, Anton Babchuk (CHI) for Holding (Minor) at 12:38, Louis Leblanc (CHI) for Interference (Minor) at 16:42

3rd period

5. BlackHawks , Brett Clark 4 (Louis Leblanc, Jay McClement) at 14:15

Penalties :
Rostislav Klesla (NSH) for Hooking (Minor) at 3:26, Max Pacioretty (NSH) for Cross-checking (Minor) at 9:42, Wayne Simmonds (NSH) for High sticking (Minor) at 11:42, Jamie McGinn (CHI) for Unsportsmanlike conduct (Major / Game Misconduct) at 15:36, Max Pacioretty (NSH) for Hooking (Minor) at 16:43

Goalie Stats

Jose Theodore (CHI), 29 saves from 33 shots - (0.879), L, 11-16-4, 60:00 minutes
Pekka Rinne (NSH), 15 saves from 16 shots - (0.938), W, 35-10-3, 60:00 minutes

Players Stats for BlackHawks

Player Name              G  A  P  +/- PIM S  H  SB GA TA FO     MP     PP MP  PK MP  
------------------------------------------------------------------------------------
Anton Babchuk            0  0  0   0  2   0  0  0  0  0  0/0    14:41   1:27   3:14 
Brett Clark              1  0  1   1  0   1  1  0  0  0  0/0    22:20   1:04   7:03 
Bryan Little             0  0  0   0  0   1  0  0  0  0  0/1    16:05   4:35   0:00 
Chris Campoli            0  0  0   0  0   1  3  1  0  0  0/0    18:46   4:20   6:21 
Daniel Paille            0  0  0  -1  0   0  1  0  0  0  0/0     8:26   0:00   0:00 
Darren Helm              0  0  0   0  0   0  1  0  0  0  16/27  21:44   2:23   9:31 
Jack Hillen              0  0  0  -1  0   1  0  0  0  0  0/0    13:12   1:07   0:42 
Jamie McGinn             0  0  0   0  19  2  1  0  0  0  3/5    20:33   2:23   6:43 
Jay McClement            0  1  1   0  0   3  0  0  0  0  4/7     9:06   0:30   0:00 
Louis Leblanc            0  1  1   1  2   0  0  0  0  0  1/1     4:50   0:00   1:26 
Mathieu Darche           0  0  0   0  17  0  0  0  0  0  0/0     4:03   0:00   1:05 
Mats Zuccarello          0  0  0   1  0   1  0  0  0  0  0/0    12:34   0:30   9:19 
P.K. Subban              0  0  0  -1  0   0  4  3  0  0  0/0    27:10   2:21  10:37 
Robyn Regehr             0  0  0   1  2   0  3  1  0  0  0/0    23:07   3:54   8:19 
Samuel Pahlsson          0  0  0  -1  0   1  1  0  0  0  11/15  18:05   1:12   7:11 
Simon Gagne              0  0  0   0  0   1  1  0  0  0  0/1    15:26   4:35   1:01 
Tyler Kennedy            0  0  0   0  0   0  0  0  0  0  0/1    11:39   2:23   0:00 
Zach Parise              0  0  0   0  0   4  0  0  0  0  7/17   17:30   4:35   0:00 

Players Stats for Predators

Player Name              G  A  P  +/- PIM S  H  SB GA TA FO     MP     PP MP  PK MP  
------------------------------------------------------------------------------------
Brandon Prust            0  0  0   0  0   0  1  0  0  0  0/1     5:24   0:00   2:58 
Braydon Coburn           0  0  0   0  0   1  0  1  0  0  0/0    23:07   6:55   3:29 
Deryk Engelland          0  0  0  -1  0   0  0  0  0  0  0/0     6:14   0:00   3:33 
Jeff Carter              0  0  0   0  0   2  0  0  0  0  1/3    23:31   7:27   3:54 
Jeff Petry               1  0  1   0  0   1  2  2  0  0  0/0    22:06  10:11   0:26 
Marian Gaborik           1  0  1   0  0   8  0  0  0  0  0/1    19:40  10:07   0:00 
Max Pacioretty           1  0  1   0  4   5  2  0  0  0  0/2    20:33   8:00   0:12 
Mikhail Grabovski        0  0  0   0  0   2  0  0  0  0  5/16   16:51   8:01   0:30 
Nicklas Backstrom        0  1  1   0  0   3  2  0  0  0  11/24  20:57   7:48   0:00 
Patric Hornqvist         0  0  0   0  2   0  0  0  0  0  0/1     9:34   0:00   0:00 
Paul Gaustad             0  0  0   0  0   0  1  0  0  0  9/10    7:49   2:19   3:04 
Roman Polak              0  1  1   1  0   0  0  2  0  0  0/0    12:28   3:08   3:29 
Rostislav Klesla         0  0  0   0  2   1  6  2  0  0  0/0    20:14   6:40   0:26 
Sean Couturier           0  0  0   0  0   0  2  0  0  0  5/12    9:17   0:00   0:00 
Shea Weber               0  2  2   0  0   1  1  0  0  0  0/0    22:05   9:22   0:00 
Steven Stamkos           0  1  1   0  0   6  2  1  0  0  2/3    26:36  10:07   4:18 
Wayne Simmonds           1  0  1   0  2   3  2  0  0  0  0/2     9:49   0:34   0:00 
Zbynek Michalek          0  1  1   0  0   0  0  1  0  0  0/0    13:45   0:00   3:33 

3 Stars

1 - Brett Clark (CHI)
2 - Jeff Petry (NSH)
3 - Shea Weber (NSH)

Power Play

BlackHawks - 0 on 5 Attempt(s) - 0.00%
Predators - 3 on 8 Attempt(s) - 37.50%

Penalty Kill

BlackHawks - 5 on 8 Attempt(s) - 62.50% - Score 0 goal in Penalty Kill
Predators - 5 on 5 Attempt(s) - 100.00% - Score 0 goal in Penalty Kill

Official

Referees : Dean Morton and Mark Lemelin
Linesman : Darren Gibbs and David Brisebois

Game Notes

Mathieu Darche ejected from game at 13:45 of 1st period
Mathieu Darche from BlackHawks is suspended for 4 game(s)
Jack Hillen is injured at 5:30 of 3rd period (Sprained Left Finger)
Jamie McGinn ejected from game at 15:36 of 3rd period

Finance

Level 1 -- Attendance: 6447 (99.18%) -- Ticket Income $644,700
Level 2 -- Attendance: 4718 (94.36%) -- Ticket Income $353,850
Level 3 -- Attendance: 3241 (92.60%) -- Ticket Income $178,255
Level 4 -- Attendance: 1113 (100.00%) -- Ticket Income $44,520
Luxury Box -- Attendance: 1000 (100.00%) -- Ticket Income $170,000
Game was played at the Bridgestone Arena
Total Attendance: 16519 (96.53%)
Total Ticket Income: $1,391,325
Other Income: $208,699
Total Income: $1,600,024


% Time on Ice - BlackHawks

Lines # - Real PCT - Wanted PCT - Time Play
Normal Forward
1 - 36% - 40% - 11:30
2 - 29% - 30% - 9:16
3 - 26% - 20% - 8:26
4 - 9% - 10% - 2:45
Normal Defense
1 - 30% - 40% - 9:40
2 - 38% - 30% - 12:07
3 - 21% - 20% - 6:43
4 - 11% - 10% - 3:27
PP Forward
1 - 61% - 60% - 4:35
2 - 39% - 40% - 2:53
PP Defense
1 - 49% - 60% - 3:38
2 - 51% - 40% - 3:50
PK Forward
1 - 65% - 60% - 11:48
2 - 35% - 40% - 6:20
PK Defense
1 - 59% - 60% - 10:41
2 - 41% - 40% - 7:27
PK3 Forward
1 - 0% - 60%
2 - 0% - 40%
PK3 Defense
1 - 0% - 60%
2 - 0% - 40%
44 Forward
1 - 77% - 60% - 1:53
2 - 23% - 40% - 0:34
44 Defense
1 - 44% - 60% - 1:05
2 - 56% - 40% - 1:22
Last Minute Offensive  - 0:00
Last Minute Defensive  - 0:00
Total
Forward - 60:00
Defense - 60:00

% Time on Ice - Predators

Lines # - Real PCT - Wanted PCT - Time Play
Normal Forward
1 - 37% - 39% - 11:54
2 - 29% - 35% - 9:17
3 - 26% - 20% - 8:20
4 - 8% - 6% - 2:26
Normal Defense
1 - 37% - 37% - 11:56
2 - 36% - 34% - 11:29
3 - 18% - 20% - 5:51
4 - 8% - 9% - 2:41
PP Forward
1 - 56% - 54% - 10:07
2 - 44% - 46% - 8:01
PP Defense
1 - 62% - 57% - 11:13
2 - 38% - 43% - 6:55
PK Forward
1 - 60% - 54% - 4:30
2 - 40% - 46% - 2:58
PK Defense
1 - 47% - 51% - 3:29
2 - 53% - 49% - 3:59
PK3 Forward
1 - 0% - 52%
2 - 0% - 48%
PK3 Defense
1 - 0% - 52%
2 - 0% - 48%
44 Forward
1 - 89% - 56% - 2:11
2 - 11% - 44% - 0:16
44 Defense
1 - 32% - 53% - 0:47
2 - 68% - 47% - 1:40
Last Minute Offensive  - 0:00
Last Minute Defensive  - 0:00
Total
Forward - 60:00
Defense - 60:00

Play by Play

1st period


0:01 of 1st period - Nicklas Backstrom wins face-off versus Zach Parise in neutral zone.
0:20 of 1st period - Shot by Max Pacioretty.
0:20 of 1st period - Shot Misses the Net.
1:13 of 1st period - Shot by Jack Hillen.
1:13 of 1st period - Shot Misses the Net.
1:29 of 1st period - Shot by Darren Helm.
1:29 of 1st period - Shot Blocked by Jeff Petry.
1:43 of 1st period - Shot by Marian Gaborik.
1:43 of 1st period - Stopped by Jose Theodore without a rebound.
1:44 of 1st period - Jay McClement wins face-off versus Mikhail Grabovski in BlackHawks zone.
1:48 of 1st period - Icing by Anton Babchuk.
1:49 of 1st period - Mikhail Grabovski wins face-off versus Jay McClement in BlackHawks zone.
1:50 of 1st period - Shot by Wayne Simmonds.
1:50 of 1st period - Stopped by Jose Theodore without a rebound.
1:51 of 1st period - Samuel Pahlsson wins face-off versus Sean Couturier in BlackHawks zone.
1:51 of 1st period - Samuel Pahlsson is hit by Sean Couturier.
2:30 of 1st period - Daniel Paille is hit by Sean Couturier.
2:31 of 1st period - Off-side.
2:32 of 1st period - Zach Parise wins face-off versus Patric Hornqvist in neutral zone.
2:41 of 1st period - Shot by Zach Parise.
2:41 of 1st period - Stopped by Pekka Rinne without a rebound.
2:42 of 1st period - Jay McClement wins face-off versus Mikhail Grabovski in Predators zone.
2:58 of 1st period - Shot by Wayne Simmonds.
2:58 of 1st period - Shot Misses the Net.
3:57 of 1st period - Minor Penalty to Jamie McGinn for Hooking.
3:58 of 1st period - Steven Stamkos wins face-off versus Darren Helm in BlackHawks zone.
5:48 of 1st period - Shot by Samuel Pahlsson.
5:48 of 1st period - Stopped by Pekka Rinne with a rebound.
6:04 of 1st period - Shot by Bryan Little.
6:04 of 1st period - Deflect By Zach Parise.
6:04 of 1st period - Shot Blocked by Roman Polak.
6:06 of 1st period - Shot by Jack Hillen.
6:06 of 1st period - Stopped by Pekka Rinne without a rebound.
6:07 of 1st period - Zach Parise wins face-off versus Sean Couturier in Predators zone.
6:46 of 1st period - Off-side.
6:47 of 1st period - Paul Gaustad wins face-off versus Darren Helm in neutral zone.
6:56 of 1st period - Shot by Steven Stamkos.
6:56 of 1st period - Shot Misses the Net.
7:01 of 1st period - Icing by Robyn Regehr.
7:02 of 1st period - Darren Helm wins face-off versus Nicklas Backstrom in BlackHawks zone.
7:02 of 1st period - Darren Helm is hit by Max Pacioretty.
7:19 of 1st period - P.K. Subban is hit by Rostislav Klesla.
8:12 of 1st period - P.K. Subban is hit by Wayne Simmonds and loses puck.
8:40 of 1st period - P.K. Subban is hit by Wayne Simmonds and loses puck.
8:49 of 1st period - Icing by P.K. Subban.
8:50 of 1st period - Sean Couturier wins face-off versus Darren Helm in BlackHawks zone.
9:07 of 1st period - Brett Clark is hit by Steven Stamkos and loses puck.
9:18 of 1st period - Shot by Zach Parise.
9:18 of 1st period - Stopped by Pekka Rinne without a rebound.
9:19 of 1st period - Samuel Pahlsson wins face-off versus Nicklas Backstrom in Predators zone.
9:37 of 1st period - Nicklas Backstrom is hit by Chris Campoli and loses puck.
10:09 of 1st period - Minor Penalty to Mathieu Darche for Holding.
10:10 of 1st period - Samuel Pahlsson wins face-off versus Nicklas Backstrom in BlackHawks zone.
11:27 of 1st period - Shot by Marian Gaborik.
11:27 of 1st period - Goal by Marian Gaborik - BlackHawks : 0 - Predators : 1.
11:28 of 1st period - Paul Gaustad wins face-off versus Zach Parise in neutral zone.
11:44 of 1st period - Shot by Brett Clark.
11:44 of 1st period - Shot Blocked by Roman Polak.
11:48 of 1st period - Shot by Zach Parise.
11:48 of 1st period - Stopped by Pekka Rinne without a rebound.
11:49 of 1st period - Jay McClement wins face-off versus Mikhail Grabovski in Predators zone.
12:05 of 1st period - Braydon Coburn is hit by Chris Campoli and loses puck.
12:20 of 1st period - Icing by Shea Weber.
12:21 of 1st period - Darren Helm wins face-off versus Wayne Simmonds in Predators zone.
12:27 of 1st period - Off-side.
12:28 of 1st period - Samuel Pahlsson wins face-off versus Nicklas Backstrom in neutral zone.
12:52 of 1st period - Rostislav Klesla is hit by Daniel Paille and loses puck.
13:31 of 1st period - Marian Gaborik is hit by Brett Clark and loses puck.
13:45 of 1st period - Major / Game Misconduct Penalty to Mathieu Darche for Unsportsmanlike conduct.
13:45 of 1st period - Mathieu Darche is ejected from game.
13:46 of 1st period - Darren Helm wins face-off versus Max Pacioretty in BlackHawks zone.
14:13 of 1st period - Shot by Max Pacioretty.
14:13 of 1st period - Shot Misses the Net.
14:37 of 1st period - Louis Leblanc is hit by Nicklas Backstrom and loses puck.
15:37 of 1st period - Shot by Max Pacioretty.
15:37 of 1st period - Goal by Max Pacioretty - BlackHawks : 0 - Predators : 2.
15:38 of 1st period - Nicklas Backstrom wins face-off versus Jamie McGinn in neutral zone.
15:50 of 1st period - Off-side.
15:51 of 1st period - Darren Helm wins face-off versus Nicklas Backstrom in neutral zone.
16:15 of 1st period - Shot by Nicklas Backstrom.
16:15 of 1st period - Shot Misses the Net.
16:17 of 1st period - Shot by Shea Weber.
16:17 of 1st period - Stopped by Jose Theodore with a rebound.
16:19 of 1st period - Shot by Jeff Petry.
16:19 of 1st period - Goal by Jeff Petry - BlackHawks : 0 - Predators : 3.
16:20 of 1st period - Darren Helm wins face-off versus Mikhail Grabovski in neutral zone.
16:38 of 1st period - Off-side.
16:39 of 1st period - Darren Helm wins face-off versus Max Pacioretty in neutral zone.
17:04 of 1st period - Shot by Braydon Coburn.
17:04 of 1st period - Stopped by Jose Theodore without a rebound.
17:05 of 1st period - Samuel Pahlsson wins face-off versus Nicklas Backstrom in BlackHawks zone.
17:20 of 1st period - Shot by Marian Gaborik.
17:20 of 1st period - Shot Misses the Net.
17:54 of 1st period - Shot by Mats Zuccarello.
17:54 of 1st period - Shot Misses the Net.

2nd period


0:01 of 2nd period - Nicklas Backstrom wins face-off versus Zach Parise in neutral zone.
0:28 of 2nd period - Shot by Nicklas Backstrom.
0:28 of 2nd period - Shot Misses the Net.
0:30 of 2nd period - Shot by Max Pacioretty.
0:30 of 2nd period - Deflect By Jeff Carter.
0:30 of 2nd period - Stopped by Jose Theodore with a rebound.
1:24 of 2nd period - Shot by Marian Gaborik.
1:24 of 2nd period - Shot Misses the Net.
1:26 of 2nd period - Shot by Marian Gaborik.
1:26 of 2nd period - Stopped by Jose Theodore without a rebound.
1:27 of 2nd period - Samuel Pahlsson wins face-off versus Sean Couturier in BlackHawks zone.
1:37 of 2nd period - Shot by Daniel Paille.
1:37 of 2nd period - Shot Blocked by Jeff Petry.
1:57 of 2nd period - Shot by Jay McClement.
1:57 of 2nd period - Shot Blocked by Rostislav Klesla.
1:59 of 2nd period - Shot by Jay McClement.
1:59 of 2nd period - Stopped by Pekka Rinne with a rebound.
2:02 of 2nd period - Jay McClement is hit by Jeff Petry and loses puck.
2:26 of 2nd period - Tyler Kennedy is hit by Rostislav Klesla.
3:15 of 2nd period - Off-side.
3:16 of 2nd period - Zach Parise wins face-off versus Nicklas Backstrom in neutral zone.
3:48 of 2nd period - Minor Penalty to Jamie McGinn for Tripping.
3:49 of 2nd period - Darren Helm wins face-off versus Mikhail Grabovski in BlackHawks zone.
4:36 of 2nd period - Shot by Steven Stamkos.
4:36 of 2nd period - Stopped by Jose Theodore with a rebound.
4:44 of 2nd period - Shot by Marian Gaborik.
4:44 of 2nd period - Stopped by Jose Theodore with a rebound.
4:46 of 2nd period - Shot by Rostislav Klesla.
4:46 of 2nd period - Stopped by Jose Theodore with a rebound.
5:56 of 2nd period - Jamie McGinn is hit by Paul Gaustad and loses puck.
6:06 of 2nd period - Off-side.
6:07 of 2nd period - Jamie McGinn wins face-off versus Mikhail Grabovski in neutral zone.
6:20 of 2nd period - Shot by Zach Parise.
6:20 of 2nd period - Stopped by Pekka Rinne with a rebound.
6:22 of 2nd period - Shot by Bryan Little.
6:22 of 2nd period - Deflect By Zach Parise.
6:22 of 2nd period - Shot Misses the Net.
6:24 of 2nd period - Shot by Bryan Little.
6:24 of 2nd period - Stopped by Pekka Rinne without a rebound.
6:25 of 2nd period - Darren Helm wins face-off versus Brandon Prust in Predators zone.
7:22 of 2nd period - Shot by Max Pacioretty.
7:22 of 2nd period - Stopped by Jose Theodore without a rebound.
7:23 of 2nd period - Mikhail Grabovski wins face-off versus Zach Parise in BlackHawks zone.
7:32 of 2nd period - Shot by Wayne Simmonds.
7:32 of 2nd period - Shot Blocked by Chris Campoli.
7:37 of 2nd period - Minor Penalty to Patric Hornqvist for Tripping.
7:38 of 2nd period - Zach Parise wins face-off versus Jeff Carter in Predators zone.
7:41 of 2nd period - Shot by Bryan Little.
7:41 of 2nd period - Shot Misses the Net.
8:19 of 2nd period - Braydon Coburn is hit by Simon Gagne and loses puck.
8:37 of 2nd period - Steven Stamkos is hit by Robyn Regehr and loses puck.
8:43 of 2nd period - Jeff Carter is hit by Robyn Regehr and loses puck.
9:06 of 2nd period - Icing by Zach Parise.
9:07 of 2nd period - Paul Gaustad wins face-off versus Zach Parise in BlackHawks zone.
9:07 of 2nd period - Paul Gaustad is hit by Robyn Regehr.
9:08 of 2nd period - Minor Penalty to Robyn Regehr for High sticking.
9:09 of 2nd period - Nicklas Backstrom wins face-off versus Jay McClement in BlackHawks zone.
9:47 of 2nd period - Icing by Jeff Petry.
9:48 of 2nd period - Mikhail Grabovski wins face-off versus Darren Helm in Predators zone.
9:59 of 2nd period - Shot by Max Pacioretty.
9:59 of 2nd period - Shot Misses the Net.
10:21 of 2nd period - Shot by Shea Weber.
10:21 of 2nd period - Shot Misses the Net.
10:25 of 2nd period - Shot by Jeff Carter.
10:25 of 2nd period - Stopped by Jose Theodore without a rebound.
10:26 of 2nd period - Nicklas Backstrom wins face-off versus Samuel Pahlsson in BlackHawks zone.
10:46 of 2nd period - Shot by Nicklas Backstrom.
10:46 of 2nd period - Stopped by Jose Theodore without a rebound.
10:47 of 2nd period - Samuel Pahlsson wins face-off versus Steven Stamkos in BlackHawks zone.
10:47 of 2nd period - Samuel Pahlsson is hit by Steven Stamkos.
11:07 of 2nd period - Shot by Shea Weber.
11:07 of 2nd period - Shot Misses the Net.
11:11 of 2nd period - Shot by Mikhail Grabovski.
11:11 of 2nd period - Stopped by Jose Theodore with a rebound.
11:47 of 2nd period - Shot by Wayne Simmonds.
11:47 of 2nd period - Stopped by Jose Theodore without a rebound.
11:48 of 2nd period - Sean Couturier wins face-off versus Tyler Kennedy in BlackHawks zone.
12:27 of 2nd period - Shot by Marian Gaborik.
12:27 of 2nd period - Stopped by Jose Theodore without a rebound.
12:28 of 2nd period - Nicklas Backstrom wins face-off versus Samuel Pahlsson in BlackHawks zone.
12:28 of 2nd period - Nicklas Backstrom is hit by Chris Campoli.
12:38 of 2nd period - Shot by Max Pacioretty.
12:38 of 2nd period - Stopped by Jose Theodore without a rebound.
12:38 of 2nd period - Minor Penalty to Anton Babchuk for Holding.
12:39 of 2nd period - Mikhail Grabovski wins face-off versus Darren Helm in BlackHawks zone.
13:22 of 2nd period - Off-side.
13:23 of 2nd period - Nicklas Backstrom wins face-off versus Darren Helm in neutral zone.
13:37 of 2nd period - Icing by Rostislav Klesla.
13:38 of 2nd period - Darren Helm wins face-off versus Nicklas Backstrom in Predators zone.
14:55 of 2nd period - Roman Polak is hit by Samuel Pahlsson and loses puck.
15:14 of 2nd period - Shot by Wayne Simmonds.
15:14 of 2nd period - Goal by Wayne Simmonds - BlackHawks : 0 - Predators : 4.
15:15 of 2nd period - Zach Parise wins face-off versus Nicklas Backstrom in neutral zone.
15:21 of 2nd period - Zach Parise is hit by Shea Weber.
15:25 of 2nd period - Shot by Zach Parise.
15:25 of 2nd period - Deflect By Jamie McGinn.
15:25 of 2nd period - Stopped by Pekka Rinne with a rebound.
15:27 of 2nd period - Shot by Jamie McGinn.
15:27 of 2nd period - Stopped by Pekka Rinne with a rebound.
16:06 of 2nd period - Darren Helm is hit by Nicklas Backstrom and loses puck.
16:42 of 2nd period - Minor Penalty to Louis Leblanc for Interference.
16:43 of 2nd period - Paul Gaustad wins face-off versus Samuel Pahlsson in BlackHawks zone.
16:52 of 2nd period - Shot by Marian Gaborik.
16:52 of 2nd period - Shot Misses the Net.
16:54 of 2nd period - Shot by Roman Polak.
16:54 of 2nd period - Shot Blocked by Robyn Regehr.
16:56 of 2nd period - Shot by Roman Polak.
16:56 of 2nd period - Shot Blocked by P.K. Subban.
17:24 of 2nd period - Shot by Marian Gaborik.
17:24 of 2nd period - Stopped by Jose Theodore with a rebound.
18:05 of 2nd period - Icing by Steven Stamkos.
18:06 of 2nd period - Darren Helm wins face-off versus Marian Gaborik in Predators zone.

3rd period


0:01 of 3rd period - Sean Couturier wins face-off versus Zach Parise in neutral zone.
0:06 of 3rd period - Shot by Marian Gaborik.
0:06 of 3rd period - Shot Blocked by P.K. Subban.
0:14 of 3rd period - Steven Stamkos is hit by Jamie McGinn and loses puck.
0:18 of 3rd period - Icing by Rostislav Klesla.
0:19 of 3rd period - Darren Helm wins face-off versus Sean Couturier in Predators zone.
0:42 of 3rd period - Shot by Steven Stamkos.
0:42 of 3rd period - Stopped by Jose Theodore without a rebound.
0:43 of 3rd period - Nicklas Backstrom wins face-off versus Zach Parise in BlackHawks zone.
1:45 of 3rd period - Shot by Steven Stamkos.
1:45 of 3rd period - Stopped by Jose Theodore without a rebound.
1:46 of 3rd period - Darren Helm wins face-off versus Mikhail Grabovski in BlackHawks zone.
1:57 of 3rd period - Shot by Simon Gagne.
1:57 of 3rd period - Stopped by Pekka Rinne without a rebound.
1:58 of 3rd period - Sean Couturier wins face-off versus Samuel Pahlsson in Predators zone.
2:23 of 3rd period - Shot by Marian Gaborik.
2:23 of 3rd period - Stopped by Jose Theodore without a rebound.
2:24 of 3rd period - Nicklas Backstrom wins face-off versus Simon Gagne in BlackHawks zone.
2:59 of 3rd period - Shot by Nicklas Backstrom.
2:59 of 3rd period - Stopped by Jose Theodore without a rebound.
3:00 of 3rd period - Sean Couturier wins face-off versus Zach Parise in BlackHawks zone.
3:16 of 3rd period - Zach Parise is hit by Rostislav Klesla and loses puck.
3:26 of 3rd period - Minor Penalty to Rostislav Klesla for Hooking.
3:27 of 3rd period - Jeff Carter wins face-off versus Zach Parise in Predators zone.
3:39 of 3rd period - Icing by Zach Parise.
3:40 of 3rd period - Zach Parise wins face-off versus Jeff Carter in BlackHawks zone.
4:27 of 3rd period - Shot by Steven Stamkos.
4:27 of 3rd period - Stopped by Jose Theodore without a rebound.
4:28 of 3rd period - Jamie McGinn wins face-off versus Paul Gaustad in BlackHawks zone.
4:28 of 3rd period - Jamie McGinn is hit by Brandon Prust.
4:34 of 3rd period - Shot by Chris Campoli.
4:34 of 3rd period - Stopped by Pekka Rinne without a rebound.
4:35 of 3rd period - Paul Gaustad wins face-off versus Darren Helm in Predators zone.
4:35 of 3rd period - Paul Gaustad is hit by Darren Helm.
5:28 of 3rd period - Icing by Jeff Petry.
5:29 of 3rd period - Samuel Pahlsson wins face-off versus Mikhail Grabovski in Predators zone.
5:29 of 3rd period - Jack Hillen is hit by Rostislav Klesla and loses puck.
5:30 of 3rd period - Jack Hillen from BlackHawks is injured at 5:30 of 3rd period (Sprained Left Finger).
5:31 of 3rd period - Samuel Pahlsson wins face-off versus Nicklas Backstrom in Predators zone.
5:36 of 3rd period - Shot by Jay McClement.
5:36 of 3rd period - Stopped by Pekka Rinne without a rebound.
5:37 of 3rd period - Samuel Pahlsson wins face-off versus Sean Couturier in Predators zone.
5:37 of 3rd period - Jay McClement is hit by Jeff Petry and loses puck.
6:11 of 3rd period - Jay McClement is hit by Rostislav Klesla and loses puck.
6:28 of 3rd period - Icing by Anton Babchuk.
6:29 of 3rd period - Nicklas Backstrom wins face-off versus Jay McClement in BlackHawks zone.
6:48 of 3rd period - Shot by Max Pacioretty.
6:48 of 3rd period - Stopped by Jose Theodore without a rebound.
6:49 of 3rd period - Mikhail Grabovski wins face-off versus Zach Parise in BlackHawks zone.
6:49 of 3rd period - Patric Hornqvist is hit by P.K. Subban and loses puck.
7:15 of 3rd period - Shot by Wayne Simmonds.
7:15 of 3rd period - Shot Misses the Net.
7:18 of 3rd period - Mikhail Grabovski is hit by P.K. Subban and loses puck.
7:57 of 3rd period - Shot by Max Pacioretty.
7:57 of 3rd period - Deflect By Nicklas Backstrom.
7:57 of 3rd period - Stopped by Jose Theodore without a rebound.
7:58 of 3rd period - Darren Helm wins face-off versus Sean Couturier in BlackHawks zone.
8:58 of 3rd period - Shot by Mats Zuccarello.
8:58 of 3rd period - Stopped by Pekka Rinne without a rebound.
8:59 of 3rd period - Samuel Pahlsson wins face-off versus Nicklas Backstrom in Predators zone.
9:42 of 3rd period - Minor Penalty to Max Pacioretty for Cross-checking.
9:43 of 3rd period - Paul Gaustad wins face-off versus Bryan Little in Predators zone.
11:23 of 3rd period - Shot by Simon Gagne.
11:23 of 3rd period - Shot Blocked by Zbynek Michalek.
11:35 of 3rd period - Shot by Zach Parise.
11:35 of 3rd period - Shot Misses the Net.
11:42 of 3rd period - Minor Penalty to Wayne Simmonds for High sticking.
11:43 of 3rd period - Steven Stamkos wins face-off versus Darren Helm in Predators zone.
12:12 of 3rd period - Shot by Chris Campoli.
12:12 of 3rd period - Shot Blocked by Braydon Coburn.
12:42 of 3rd period - Shot by Mikhail Grabovski.
12:42 of 3rd period - Deflect By Brandon Prust.
12:42 of 3rd period - Shot Misses the Net.
13:18 of 3rd period - Shot by Jay McClement.
13:18 of 3rd period - Shot Blocked by Steven Stamkos.
13:20 of 3rd period - Shot by Jay McClement.
13:20 of 3rd period - Shot Blocked by Rostislav Klesla.
13:32 of 3rd period - Shot by Chris Campoli.
13:32 of 3rd period - Shot Misses the Net.
13:34 of 3rd period - Shot by Chris Campoli.
13:34 of 3rd period - Deflect By Mats Zuccarello.
13:34 of 3rd period - Shot Hit the Post.
13:36 of 3rd period - Shot by Jay McClement.
13:36 of 3rd period - Stopped by Pekka Rinne without a rebound.
13:37 of 3rd period - Paul Gaustad wins face-off versus Jamie McGinn in Predators zone.
13:56 of 3rd period - Shot by Mikhail Grabovski.
13:56 of 3rd period - Stopped by Jose Theodore without a rebound.
13:57 of 3rd period - Jay McClement wins face-off versus Mikhail Grabovski in BlackHawks zone.
13:59 of 3rd period - Icing by Louis Leblanc.
14:00 of 3rd period - Louis Leblanc wins face-off versus Mikhail Grabovski in BlackHawks zone.
14:11 of 3rd period - Shot by Jay McClement.
14:11 of 3rd period - Shot Misses the Net.
14:13 of 3rd period - Shot by Louis Leblanc.
14:13 of 3rd period - Shot Misses the Net.
14:15 of 3rd period - Shot by Brett Clark.
14:15 of 3rd period - Goal by Brett Clark - BlackHawks : 1 - Predators : 4.
14:16 of 3rd period - Jamie McGinn wins face-off versus Sean Couturier in neutral zone.
14:40 of 3rd period - Shot by Steven Stamkos.
14:40 of 3rd period - Stopped by Jose Theodore without a rebound.
14:41 of 3rd period - Darren Helm wins face-off versus Nicklas Backstrom in BlackHawks zone.
14:41 of 3rd period - Darren Helm is hit by Max Pacioretty.
15:05 of 3rd period - Shot by Jeff Carter.
15:05 of 3rd period - Shot Misses the Net.
15:36 of 3rd period - Major / Game Misconduct Penalty to Jamie McGinn for Unsportsmanlike conduct.
15:36 of 3rd period - Jamie McGinn is ejected from game.
15:37 of 3rd period - Paul Gaustad wins face-off versus Darren Helm in BlackHawks zone.
15:47 of 3rd period - Icing by Marian Gaborik.
15:48 of 3rd period - Paul Gaustad wins face-off versus Darren Helm in Predators zone.
15:56 of 3rd period - Shot by Roman Polak.
15:56 of 3rd period - Deflect By Steven Stamkos.
15:56 of 3rd period - Shot Blocked by P.K. Subban.
15:58 of 3rd period - Shot by Marian Gaborik.
15:58 of 3rd period - Stopped by Jose Theodore without a rebound.
15:59 of 3rd period - Nicklas Backstrom wins face-off versus Darren Helm in BlackHawks zone.
16:43 of 3rd period - Minor Penalty to Max Pacioretty for Hooking.
16:44 of 3rd period - Zach Parise wins face-off versus Wayne Simmonds in Predators zone.
17:18 of 3rd period - Zach Parise is hit by Rostislav Klesla and loses puck.
19:02 of 3rd period - Mikhail Grabovski is hit by P.K. Subban and loses puck.
19:05 of 3rd period - Shot by Mikhail Grabovski.
19:05 of 3rd period - Shot Misses the Net.
19:07 of 3rd period - Shot by Jeff Petry.
19:07 of 3rd period - Shot Misses the Net.
19:12 of 3rd period - Max Pacioretty is hit by P.K. Subban and loses puck.
19:17 of 3rd period - Shot by Max Pacioretty.
19:17 of 3rd period - Stopped by Jose Theodore without a rebound.
19:18 of 3rd period - Darren Helm wins face-off versus Nicklas Backstrom in BlackHawks zone.
19:39 of 3rd period - Shot by Steven Stamkos.
19:39 of 3rd period - Stopped by Jose Theodore without a rebound.
19:40 of 3rd period - Darren Helm wins face-off versus Mikhail Grabovski in BlackHawks zone.


Output by the SimonT Hockey Simulator (STHS) for Stephane Roy -- Original Page W3C XHTML 1.0 Valid
Hockey Simulator - Hockey Simulation - Hockey Manager